 Dungeon Crawl Stone Soup version 0.24-a0-769-g368c1644f8 (webtiles) character file.

Game seed: 10593504162765418788, levelgen mode: deterministic

25935 Argons the Destroyer (level 13, 0/63 HPs)
             Began as a Kobold Wizard on Oct 6, 2019.
             Was a High Priest of Vehumet.
             Slain by a white ugly thing (24 damage)
             ... on level 13 of the Dungeon.
             The game lasted 02:31:45 (28167 turns).

Argons the Destroyer (Kobold Wizard)               Turns: 28167, Time: 02:31:45

Health: 0/63       AC: 13    Str:  5    XL:     13   Next: 54%
Magic:  6/26       EV: 17    Int: 24    God:    Vehumet [*****.]
Gold:   622        SH:  0    Dex: 13    Spells: 3/31 levels left

rFire    . . .     SeeInvis .   s - +1 whip (elec)
rCold    . . .     Gourm    .   (shield restricted)
rNeg     . . .     Faith    .   I - +1 robe "Zeocac" {rElec MR+}
rPois    +         Spirit   .   M - +0 helmet
rElec    +         Reflect  .   C - +0 cloak {rPois}
rCorr    .         Harm     .   k - +2 pair of gloves
MR       +....                  (no boots)
Stlth    +++++.....             (no amulet)
HPRegen  0.20/turn              H - ring of stealth
MPRegen  0.20/turn              h - +5 ring of protection

@: no status effects
A: small, carnivore
a: Renounce Religion


You were on level 13 of the Dungeon.
You worshipped Vehumet.
Vehumet was extremely pleased with you.
You were full.

You visited 3 branches of the dungeon, and saw 16 of its levels.
You also visited: Ice Cave.

You collected 804 gold pieces.
You spent 182 gold pieces at shops.

Inventory:

Hand Weapons
 p - a +0 rapier of freezing
 s - a +1 whip of electrocution (weapon)
Missiles
 y - 2 curare-tipped darts (quivered)
Armour
 k - a +2 pair of gloves (worn)
 C - a +0 cloak of poison resistance (worn)
 G - +0 storm dragon scales
 I - the +1 robe "Zeocac" (worn) {rElec MR+}
   (You bought it in a shop on level 11 of the Dungeon)

   It insulates you from electricity.
   It affects your resistance to hostile enchantments.
 M - a +0 helmet (worn)
 S - the +3 robe "Miasizu" {rPois Int+2 Dex+3}
   (You found it on level 13 of the Dungeon)

   It affects your intelligence (+2).
   It affects your dexterity (+3).
   It protects you from poison.
Jewellery
 b - an uncursed amulet of the acrobat {unknown}
 g - an uncursed ring of positive energy
 h - a +5 ring of protection (right hand)
 D - an uncursed ring of protection from fire
 H - a ring of stealth (left hand)
 K - an uncursed ring of poison resistance
 L - an uncursed ring of wizardry
Wands
 l - a wand of iceblast (10)
 m - a wand of disintegration (27)
 o - a wand of digging (5)
 v - a wand of acid (19)
 J - a wand of flame (36)
 O - a wand of scattershot (5)
 Q - a wand of random effects (18)
 R - a wand of paralysis (3)
Scrolls
 n - a scroll of amnesia
 q - 5 scrolls of teleportation
 r - a scroll of fear
 u - 2 scrolls of magic mapping
 w - 5 scrolls of remove curse
 x - 3 scrolls of blinking
 E - a scroll of enchant weapon
 N - 2 scrolls of identify
 P - a scroll of summoning {unknown}
Potions
 a - a potion of magic {unknown}
 c - 2 potions of flight
 e - 2 potions of resistance
 f - 4 potions of brilliance
 i - 2 potions of haste
 j - 6 potions of curing
 t - 2 potions of might {unknown}
 z - a potion of cancellation {unknown}
 A - a potion of mutation {unknown}
 B - 2 potions of lignification {unknown}
 F - a potion of invisibility {unknown}
Comestibles
 d - 29 rations


   Skills:
 - Level 5.4 Dodging
 - Level 10.0 Stealth
 + Level 9.9 Spellcasting
 - Level 12.3 Conjurations
 - Level 1.0 Summonings
 - Level 1.0 Translocations
 - Level 6.1 Fire Magic
 - Level 12.0 Poison Magic


You had 3 spell levels left.
You knew the following spells:

 Your Spells              Type           Power        Failure   Level  Hunger
a - Magic Dart            Conj           ####         1%          1    None
b - Fireball              Conj/Fire      ######....   1%          5    ####...
c - Blink                 Tloc           N/A          5%          2    None
d - Conjure Flame         Conj/Fire      ######..     1%          3    None
e - Sting                 Conj/Pois      ####         1%          1    None
f - Poisonous Vapours     Pois/Air       #####.       1%          2    None
g - Flame Tongue          Conj/Fire      #####        1%          1    None
h - Mephitic Cloud        Conj/Pois/Air  ######..     1%          3    None
i - Venom Bolt            Conj/Pois      ######....   1%          5    ####...
j - Ignite Poison         Fire/Tmut/Pois #####...     1%          3    None
k - Call Imp              Summ           ###.....     5%          2    None

Your spell library contained the following spells:

 Spells                   Type           Power        Failure   Level  Hunger
 Bolt of Fire             Conj/Fire      ######....   5%          6    ######.
 Apportation              Tloc           ###...       3%          1    None
 Summon Small Mammal      Summ           ###.         3%          1    None
 Animate Skeleton         Necr           N/A          5%          1    None
 Confusing Touch          Hex            ##....       5%          1    None
 Slow                     Hex            ##......     9%          2    None
 Call Canine Familiar     Summ           ###.....     11%         3    None
 Summon Guardian Golem    Hex/Summ       ##......     13%         3    None
 Olgreb's Toxic Radiance  Pois           ######..     1%          4    #......
 Summon Ice Beast         Ice/Summ       ##......     41%         4    #......
 Summon Lightning Spire   Summ/Air       ##......     41%         4    #......


Dungeon Overview and Level Annotations

Branches:
Dungeon (13/15)            Temple (1/1) D:5            Lair (2/6) D:11
  Swamp (0/4) Lair:2          Orc (0/2) D:12          IceCv (visited)
  Snake: Lair:2-4    Spider: Lair:2-4    Vaults: D:13-14

Altars:
Ashenzari
Cheibriados
Dithmenos
Elyvilon
Fedhas
Gozag
Hepliaklqana
Kikubaaqudgha
Makhleb
Nemelex Xobeh
Okawaru
Qazlal
Ru
Sif Muna
Trog
Uskayaw
Vehumet
Wu Jian
Xom
Yredelemnul
Zin
The Shining One
Beogh

Shops:
D:5 (   D:6 [   D:11 [

Annotations:
D:12 3 runed translucent doors, Guschohoa's ghost, journeyman HOFi; Vumeko Hunn's ghost, journeyman MfSu


Innate Abilities, Weirdness & Mutations

You are small and have problems with some larger weapons.
You are carnivorous and can eat meat at any time.


Message History

Press: ? - help, Dir - move target cursor, f - white ugly thing
Aim: a white ugly thing (severely wounded) Poisonous vapours surround the white ugly thing!
The white ugly thing is engulfed in poison gas.
The white ugly thing is poisoned.
You hit the white ugly thing but do no damage.
The white ugly thing is severely wounded.
The white ugly thing tail-slaps you but does no damage.
You completely miss the white ugly thing.
The white ugly thing is severely wounded.
The white ugly thing barely misses you.
You hit the white ugly thing but do no damage.
The white ugly thing is severely wounded.
The white ugly thing completely misses you.
You barely miss the white ugly thing.
The white ugly thing is almost dead.
The white ugly thing tail-slaps you. The white ugly thing freezes you!!
Ouch! That really hurt!
The white ugly thing tail-slaps you. The white ugly thing freezes you!!
You die...

#..#..#.............
+.....#.............
#.....'.............
#.##.[#.............
#.##..########......
#.##..# #####'##
#.##..# #.......
#.##..# +.####..
#..@..# #.####..
##u#### #.......
#.....Z.......
#.......
#.............
#.......
#.............
#.......
#..>..........
#...##..
#(............
#...##..
+.............
#...##..
#.............
#...((..


You could see a white ugly thing and a centaur warrior skeleton.

Vanquished Creatures
  2 hydras
  4 two-headed ogres
  An unseen horror (D:11)
  Pikel (D:4)
  An orb spider (shapeshifter) (D:13)
  An orc knight (D:12)
  2 ugly things (D:12)
  A salamander (shapeshifter) (D:13)
  A manticore (D:13)
  A cyclops (D:12)
  Maurice (D:8)
  3 centaur zombies
  A black mamba (Lair:2)
  2 centaur skeletons
  A komodo dragon (Lair:1)
  4 trolls
  A hornet (D:10)
  3 slime creatures (D:12)
  3 hippogriffs
  A human (D:7)
  A wraith (D:10)
  A basilisk (Lair:2)
  14 yaks
  Grum (D:8)
  2 wyverns
  3 hogs (D:7)
  5 vampire mosquitoes
  Edmund (D:4)
  2 acid dragons
  8 orc warriors
  11 ice beasts
  A hornet zombie (D:13)
  5 porcupines
  A slave (D:4)
  2 eyes of draining
  2 sky beasts
  4 phantoms
  5 black bears
  4 ogres
  2 necrophages
  11 centaurs
  4 wolves (D:8)
  4 crocodiles (Lair:2)
  3 big kobolds
  14 bullfrogs
  A wyvern zombie (D:12)
  5 scorpions
  2 water moccasin skeletons
  3 wights (D:10)
  7 howler monkeys
  3 electric eels (D:9)
  6 crimson imps
  3 hounds
  2 quasits
  4 bullfrog skeletons
  2 bullfrog zombies
  3 jellies
  A gnoll shaman (D:4)
  10 orc priests
  13 orc wizards
  8 iguanas
  7 worker ants
  2 killer bee zombies
  3 hound zombies
  2 hound skeletons
  A mummy (D:6)
  8 gnolls
  8 adders
  3 shadow imps
  2 oozes (D:4)
  2 adder skeletons
  2 dart slugs
  A worm (D:2)
  3 leopard geckos
  58 orcs
  6 giant cockroaches
  3 hobgoblins
  4 jackals
  3 quokkas
  A ball python (D:7)
  15 bats
  3 frilled lizards
  9 goblins
  21 kobolds
  A leopard gecko zombie (D:6)
  A quokka zombie (D:7)
  10 rats
  A fungus (D:5)
399 creatures vanquished.

Vanquished Creatures (collateral kills)
  A quokka (D:5)
1 creature vanquished.

Vanquished Creatures (others)
  An orc (D:4)
  14 fungi
  4 plants
  6 withered plants (D:12)
25 creatures vanquished.

Grand Total: 425 creatures vanquished

Notes
Turn   | Place    | Note
-------+----------+-------------------------------------------
     0 | D:1      | Argons the Kobold Wizard began the quest for the Orb.
     0 | D:1      | Reached XP level 1. HP: 10/10 MP: 4/4
   294 | D:1      | Reached XP level 2. HP: 15/15 MP: 4/6
   317 | D:1      | Learned a level 2 spell: Call Imp
   320 | D:1      | Learned a level 2 spell: Blink
   780 | D:1      | Reached XP level 3. HP: 19/19 MP: 0/7
  1899 | D:2      | Found a faded altar of an unknown god.
  1992 | D:2      | Reached XP level 4. HP: 24/24 MP: 1/8
  3083 | D:3      | Reached skill level 5 in Stealth
  3186 | D:3      | Reached XP level 5. HP: 26/28 MP: 3/9
  3270 | D:3      | Found a burning altar of Makhleb.
  3775 | D:3      | Found a shimmering blue altar of Sif Muna.
  4078 | D:4      | Noticed an orc warrior
  4307 | D:4      | Noticed a slave
  4307 | D:4      | Noticed a slave
  4307 | D:4      | Noticed a slave
  4421 | D:4      | Learned a level 3 spell: Conjure Flame
  4883 | D:5      | Entered Level 5 of the Dungeon
  4901 | D:5      | Noticed an ogre
  4963 | D:4      | Noticed Pikel
  4963 | D:4      | Noticed Edmund
  5001 | D:5      | Noticed a centaur
  5020 | D:5      | Killed a centaur
  5020 | D:5      | Reached XP level 6. HP: 9/32 MP: 3/10
  5021 | D:5      | Reached skill level 5 in Conjurations
  5235 | D:4      | Noticed a slave
  5429 | D:4      | Killed a slave
  6031 | D:5      | Found a staircase to the Ecumenical Temple.
  6040 | D:5      | Reached XP level 7. HP: 36/36 MP: 6/12
  6086 | Temple   | Entered the Ecumenical Temple
  6117 | Temple   | Became a worshipper of Vehumet
  6405 | D:5      | Found a sacrificial altar of Ru.
  6442 | D:5      | Found Hionwah's Weapon Emporium.
  7498 | D:6      | Reached skill level 5 in Dodging
  7559 | D:6      | Found Laywy's Antique Armour Shop.
  8170 | D:6      | Reached XP level 8. HP: 37/41 MP: 8/14
  9821 | D:7      | Noticed a hippogriff
  9961 | D:7      | Reached XP level 9. HP: 36/45 MP: 8/15
 10178 | D:7      | Reached skill level 10 in Stealth
 10422 | D:7      | Killed a hippogriff
 10803 | D:7      | Learned a level 1 spell: Sting
 10875 | D:7      | Reached skill level 1 in Poison Magic
 10994 | D:7      | Found a basalt altar of Yredelemnul.
 11402 | D:7      | Learned a level 2 spell: Poisonous Vapours
 11450 | D:7      | You fall into a shaft and drop 1 floor!
 11933 | D:7      | Reached XP level 10. HP: 35/50 MP: 5/16
 12040 | D:7      | Reached skill level 5 in Poison Magic
 12579 | D:7      | Reached * piety under Vehumet
 12579 | D:7      | Offered knowledge of Flame Tongue by Vehumet.
 12970 | D:7      | Learned a level 1 spell: Flame Tongue
 13167 | D:6      | Found a snail-covered altar of Cheibriados.
 13837 | D:6      | Found a sparkling altar of Nemelex Xobeh.
 13999 | D:4      | Killed Edmund
 14166 | D:4      | Learned a level 3 spell: Mephitic Cloud
 14238 | D:4      | Killed Pikel
 14323 | D:4      | Found a white marble altar of Elyvilon.
 15108 | D:8      | Noticed Grum
 15108 | D:8      | Noticed Maurice
 15138 | D:8      | Killed Grum
 15590 | D:8      | Killed Maurice
 15590 | D:8      | Reached skill level 10 in Conjurations
 15590 | D:8      | Reached XP level 11. HP: 54/54 MP: 2/17
 15753 | D:8      | Found a shimmering altar of Xom.
 15893 | D:9      | Found a shattered altar of Ashenzari.
 16771 | D:9      | Reached ** piety under Vehumet
 16771 | D:9      | Offered knowledge of Shock by Vehumet.
 16853 | D:9      | Reached skill level 5 in Spellcasting
 16885 | D:9      | Learned a level 5 spell: Venom Bolt
 17225 | D:10     | Entered Level 10 of the Dungeon
 17971 | D:10     | Noticed a two-headed ogre
 18180 | D:10     | Reached skill level 10 in Poison Magic
 18185 | D:10     | Offered knowledge of Ignite Poison by Vehumet.
 18353 | D:10     | Noticed a two-headed ogre
 18382 | D:10     | Killed a two-headed ogre
 19190 | D:10     | Reached *** piety under Vehumet
 19377 | D:10     | Killed a two-headed ogre
 19377 | D:10     | Reached XP level 12. HP: 59/59 MP: 6/22
 19972 | D:11     | Found a staircase to the Lair.
 19973 | D:11     | Noticed a two-headed ogre
 19996 | D:11     | Killed a two-headed ogre
 20058 | D:11     | Learned a level 3 spell: Ignite Poison
 20110 | D:11     | Killed an unseen horror
 20429 | D:11     | Found Rauxeur's Antique Armour Shop.
 20441 | D:11     | Bought a slimy robe for 182 gold pieces
 20472 | D:11     | Noticed a two-headed ogre
 20546 | D:11     | Killed a two-headed ogre
 20957 | D:10     | Offered knowledge of Airstrike by Vehumet.
 21960 | D:11     | Identified the +1 robe "Zeocac" {rElec MR+} (You bought it
                  | in a shop on level 11 of the Dungeon)
 22023 | Lair:1   | Entered Level 1 of the Lair of Beasts
 22380 | Lair:1   | Found a frozen archway.
 22419 | IceCv    | Entered an ice cave
 23304 | Lair:2   | Found a staircase to the Swamp.
 23387 | Lair:2   | Reached **** piety under Vehumet
 23583 | Lair:2   | Noticed an eight-headed hydra
 23942 | D:12     | Offered knowledge of Fireball by Vehumet.
 24387 | D:12     | Found a runed translucent gate.
 24387 | D:12     | Found a runed translucent gate.
 24387 | D:12     | Found a runed translucent gate.
 24388 | D:12     | Noticed Guschohoa's ghost (journeyman HOFi)
 24389 | D:12     | Noticed Vumeko Hunn's ghost (journeyman MfSu)
 24648 | D:12     | Reached XP level 13. HP: 63/63 MP: 11/25
 24922 | D:12     | Learned a level 5 spell: Fireball
 24922 | D:12     | Noticed an eight-headed hydra
 24969 | D:12     | Reached skill level 1 in Fire Magic
 25805 | D:12     | Killed an eight-headed hydra
 25922 | D:12     | Reached skill level 5 in Fire Magic
 26700 | D:12     | Reached ***** piety under Vehumet
 26700 | D:12     | Offered knowledge of Bolt of Fire by Vehumet.
 26728 | D:12     | Found a roughly hewn altar of Beogh.
 26728 | D:12     | Found a staircase to the Orcish Mines.
 26979 | D:13     | Noticed a six-headed hydra
 26984 | D:13     | Killed a six-headed hydra
 27215 | D:13     | Got a shimmering robe
 27216 | D:13     | Identified the +3 robe "Miasizu" {rPois Int+2 Dex+3} (You
                  | found it on level 13 of the Dungeon)
 28167 | D:13     | Slain by a white ugly thing

Levels and vault maps discovered:
D:1:      minmay_arrival_nine_rooms, layout_rooms
D:2:      layout_loops_ring, chequers_ecumenical_altar_simple
D:3:      layout_loops_ring, led_sif_pool, lemuel_crystal_altar, first_ration
D:4:      layout_basic, nicolae_overflow_crystal_walls, minmay_bisected,
          uniq_pikel, uniq_edmund
D:5:      layout_loops_cross, minmay_temple_entry_trees, serial_shops,
          kennysheep_mini_moat, nicolae_ru_the_path_less_chosen
D:6:      layout_basic, nemelex_altar_shiori, slow_altar_1, serial_shops, shop
D:7:      layout_rooms, nicolae_overflow_hidden_temple, grunt_livestock
D:8:      layout_loops_ring, kennysheep_little_box, hex_medium, uniq_grum,
          uniq_maurice
D:9:      layout_loops_cross, lemuel_round_altar, chequers_big_river,
          chequers_serial_rivers_room_a
D:10:     layout_roguey
D:11:     layout_gridville, due_lair_maze_entry_diamond, serial_shops,
          nicolae_shop_behind_doors, minmay_misc_feat_x
D:12:     layout_roguey, david_orc_5, gammafunk_ghost_cemetery,
          grunt_ministairs_4
D:13:     layout_stronghold, uniq_sonja
Temple:   minmay_temple_curvy_branch
Lair:1:   layout_cave_pods, portal_ice_cave_entry_pillars_2, fungi_pond_lemuel
Lair:2:   layout_chaotic_city, minmay_swamp_entry_reptiles, spider_nest_entry_a,
          serial_rivers, chequers_serial_rivers_small_a,
          chequers_serial_rivers_micro_e, chequers_serial_rivers_marsh,
          chequers_serial_rivers_large_b, grunt_forest_small_clearings,
          serial_bayou_shore_a

Skill      XL: |  1  2  3  4  5  6  7  8  9 10 11 12 13 |
---------------+----------------------------------------+-----
Stealth        | 3 4 5 7 9 10 | 10.0
Conjurations   | 2 3 4 5 7 9 10 12 | 12.3
Dodging        | 3 5 |  5.4
Spellcasting   | 4 6 8 9 |  9.9
Poison Magic   | 4 8 10 12 | 12.0
Fire Magic     | 6 |  6.1
Summonings     | |  1.0
Translocations | |  1.0

Action                   |  1- 3 |  4- 6 |  7- 9 | 10-12 | 13-15 || total
-------------------------+-------+-------+-------+-------+-------++-------
Melee: Unarmed           |     6 |       |       |       |       ||     6
       Short sword       |    26 |     3 |       |       |       ||    29
       Rapier            |       |     8 |       |       |       ||     8
       Whip              |       |     1 |   109 |   132 |     6 ||   248
Throw: Dart              |       |     2 |     2 |       |       ||     4
 Cast: Magic Dart        |    96 |   178 |   237 |   138 |    18 ||   667
       Call Imp          |       |     6 |     2 |     1 |       ||     9
       Conjure Flame     |       |     2 |     6 |    14 |       ||    22
       Sting             |       |       |    38 |   336 |    91 ||   465
       Flame Tongue      |       |       |       |   180 |    80 ||   260
       Poisonous Vapours |       |       |       |   121 |    40 ||   161
       Venom Bolt        |       |       |       |    19 |     5 ||    24
       Blink             |       |       |       |     3 |       ||     3
       Ignite Poison     |       |       |       |     4 |     3 ||     7
       Mephitic Cloud    |       |       |       |     4 |     2 ||     6
       Fireball          |       |       |       |       |    37 ||    37
  Use: Scroll            |     1 |     5 |     6 |    11 |     1 ||    24
 Stab: Sleeping          |       |       |     1 |     3 |       ||     4
       Confused          |       |       |       |     1 |       ||     1
  Eat: Chunk             |    10 |    14 |    17 |    45 |    16 ||   102
Armor: Robe              |     2 |     9 |    33 |    74 |    44 ||   162
Dodge: Dodged            |    46 |    48 |   128 |   225 |    93 ||   540

Table legend:
 A = Non-vault XP
 B = Vault XP
 C = Vault XP percentage of total XP
 D = Non-vault monster count
 E = Vault monster count
 F = Vault count percentage of total count
                 A         B        C        D         E       F
            +---------+---------+-------+---------+---------+-------
      Total |   31322 |    5729 |  15.5 |     340 |      58 |  14.6
            +---------+---------+-------+---------+---------+-------
        D:1 |      57 |       0 |   0.0 |      30 |       0 |   0.0
        D:2 |      20 |       0 |   0.0 |      12 |       0 |   0.0
        D:3 |     111 |       0 |   0.0 |      26 |       0 |   0.0
        D:4 |     320 |     843 |  72.5 |      17 |       5 |  22.7
        D:5 |     705 |       0 |   0.0 |      18 |       0 |   0.0
        D:6 |    1227 |      18 |   1.4 |      21 |       1 |   4.5
        D:7 |    2078 |     974 |  31.9 |      45 |       5 |  10.0
        D:8 |     313 |    1136 |  78.4 |       7 |       6 |  46.2
        D:9 |    1096 |       0 |   0.0 |      16 |       0 |   0.0
       D:10 |    6768 |     124 |   1.8 |      51 |       1 |   1.9
       D:11 |    4910 |     863 |  14.9 |      26 |       8 |  23.5
       D:12 |    6733 |    1208 |  15.2 |      36 |      26 |  41.9
       D:13 |    4855 |       0 |   0.0 |      22 |       0 |   0.0
     Lair:1 |     739 |     387 |  34.4 |       4 |       3 |  42.9
     Lair:2 |    1390 |     176 |  11.2 |       9 |       3 |  25.0
            +---------+---------+-------+---------+---------+-------
